 Dungeon Crawl Stone Soup version 0.17-a0-1583-g2df49ec (webtiles) character file.

75 Ghalim the Skirmisher (level 4, -2/29 HPs)
             Began as a Gargoyle Fighter on July 28, 2015.
             Slain by Grinder (7 damage)
             ... on level 2 of the Dungeon.
             The game lasted 00:04:23 (2398 turns).

Ghalim the Skirmisher (Gargoyle Fighter)            Turns: 2398, Time: 00:04:23

Health: -2/29      AC: 10    Str: 20    XL:     4   Next: 31%
Magic:  4/4        EV:  7    Int:  9    God:
Gold:   120        SH:  9    Dex:  9    Spells: 0 memorised, 3 levels left

rFire  . . .     SeeInvis .     a - +0 flail
rCold  . . .     Clarity  .     b - +0 scale mail
rNeg   + . .     SustAt   .     c - +0 shield
rPois  ∞         Gourm    .     (no helmet)
rElec  +         Spirit   .     (no cloak)
rCorr  .         Warding  .     (no gloves)
rMut   .         Stasis   .     (no boots)
MR     .....                    (no amulet)
Stlth  ..........               (no ring)
                                (no ring)

@: not resistant to hostile enchantments, extremely unstealthy
A: negative energy resistance 1, electricity resistance, unbreathing,
petrification resistance, rot immunity, AC +3
a: no special abilities


You were on level 2 of the Dungeon.
You were not hungry.

You visited 1 branch of the dungeon, and saw 3 of its levels.

You collected 120 gold pieces.

Inventory:

Hand weapons
 a - a +0 flail (weapon)
Armour
 b - a +0 scale mail (worn)
 c - a +0 shield (worn)
 l - a +0 helmet
Jewellery
 m - an uncursed amulet of stasis {unknown}
 t - an uncursed amulet of stasis {unknown}
 y - an uncursed amulet of clarity {unknown}
Magical devices
 v - a wand of fireball (5)
Scrolls
 f - a scroll of noise {unknown}
 h - 3 scrolls of teleportation {unknown}
 i - 2 scrolls of fog {unknown}
 j - a scroll of random uselessness {unknown}
 o - a scroll of enchant weapon {unknown}
 p - 3 scrolls of identify {unknown}
 s - 3 scrolls of amnesia {unknown}
 u - a scroll of recharging {unknown}
 A - a scroll of remove curse {unknown}
Potions
 d - 2 potions of might
 g - a potion of resistance {unknown}
 k - a potion of degeneration {unknown}
 q - a potion of haste {unknown}
 r - a potion of curing {unknown}
 w - a potion of agility {unknown}
 x - a potion of mutation {unknown}
Books
 n - a book of Clouds

   Spells                             Type                      Level
   a - Mephitic Cloud                 Conjuration/Poison/Air       3
   b - Conjure Flame                  Conjuration/Fire             3
   c - Poisonous Cloud                Conjuration/Poison/Air       6
   d - Freezing Cloud                 Conjuration/Ice/Air          6
   e - Ring of Flames                 Charms/Fire                  7
Comestibles
 e - 2 bread rations
 z - a chunk of flesh


   Skills:
 + Level 4.2 Fighting
 * Level 3.7 Maces & Flails
 - Level 3.2 Armour
 - Level 3.2 Shields


You had 3 spell levels left.
You didn't know any spells.

Dungeon Overview and Level Annotations

Branches:
Dungeon (3/15)

Altars:
Xom

Annotations:
D:2 Grinder


Innate Abilities, Weirdness & Mutations

You are resistant to torment.
Your stone body is resilient (AC +3).
You are immune to poison.
You resist negative energy.
You are resistant to electric shocks.
You can survive without breathing.
You are immune to petrification.
You are immune to rotting.


Message History

Grinder says, "Don't move a muscle."
Grinder hits you but does no damage.
You sock Grinder!
Grinder is moderately wounded.
Grinder hits you.
You barely miss Grinder.
Grinder is moderately wounded.
Grinder hits you.
You sock Grinder!
Grinder is heavily wounded.
Grinder barely misses you. Grinder hits you.
* * * LOW HITPOINT WARNING * * *
Grinder hits you.
* * * LOW HITPOINT WARNING * * *
You climb upwards.
There is a stone staircase leading down here.
You hit Grinder.
Grinder is heavily wounded.
Grinder hits you!
You die...

#.....# ############ #.....#
#..........#
#.....###..........#
#####......##..........#
#..........##..........###
###....##.##.##............##
#..........#................#
#.#....########...)......##.#
#......#...5@............##..
###....#.................####
##.#.#.................#
#...#.........#########
#.###...(.....# #.#
##........# #.####.......##
#....#.......# ###
####.#.......# #..


You could see Grinder.

Vanquished Creatures
  3 adders
  An ooze (D:3)
  A worm (D:3)
  A giant gecko (D:2)
  An orc (D:2)
  3 giant cockroaches
  8 goblins
  7 hobgoblins
  2 quokkas
  2 ball pythons
  3 bats
  A giant newt (D:1)
  6 kobolds
  5 rats
44 creatures vanquished.

Notes
Turn   | Place    | Note
--------------------------------------------------------------
     0 | D:1      | Ghalim the Gargoyle Fighter began the quest for the Orb.
     0 | D:1      | Reached XP level 1. HP: 14/14 MP: 1/1
   602 | D:1      | Reached XP level 2. HP: 16/19 MP: 2/2
   822 | D:2      | Found a shimmering altar of Xom.
   823 | D:2      | Found a shimmering altar of Xom.
   871 | D:2      | Found a shimmering altar of Xom.
   915 | D:2      | Reached XP level 3. HP: 21/24 MP: 3/3
  1093 | D:2      | Found a shimmering altar of Xom.
  1093 | D:2      | Found a shimmering altar of Xom.
  1136 | D:2      | Found a shimmering altar of Xom.
  1137 | D:2      | Found a shimmering altar of Xom.
  1140 | D:2      | Found a shimmering altar of Xom.
  1194 | D:2      | Reached skill level 4 in Fighting
  1519 | D:3      | Noticed Grinder
  1521 | D:3      | Paralysed by Grinder for 4 turns
  1838 | D:3      | Reached XP level 4. HP: 29/29 MP: 4/4
  2210 | D:3      | Paralysed by Grinder for 2 turns
  2213 | D:3      | Paralysed by Grinder for 3 turns
  2224 | D:3      | Paralysed by Grinder for 3 turns
  2383 | D:3      | Paralysed by Grinder for 5 turns
  2398 | D:2      | Slain by Grinder

Vault maps used:
D:1:      roderic_octagonal_star
D:2:      xom_redecorated
D:3:      uniq_grinder

Action                   |  1- 3 |  4- 6 || total
-------------------------+-------+-------++-------
Melee: Flail             |   115 |    76 ||   191
  Eat: Chunk             |     3 |     2 ||     5
